 Dungeon Crawl Stone Soup version 0.25-a0-860-gf695395 (webtiles) character file.

Game seed: 14315982397892802502, levelgen mode: deterministic

111 Illumine the Chopper (level 4, -2/41 HPs)
             Began as a Hill Orc Monk on Apr 28, 2020.
             Slain by an iguana (10 damage)
             ... on level 3 of the Dungeon.
             The game lasted 00:06:00 (2626 turns).

Illumine the Chopper (Hill Orc Monk)                Turns: 2626, Time: 00:06:01

Health: -2/41      AC:  6    Str: 14    XL:     4   Next: 92%
Magic:  4/4        EV: 11    Int:  8    God:
Gold:   34         SH:  0    Dex: 13    Spells: 3/3 levels left

rFire    . . .     SeeInvis .   a - +0 hand axe
rCold    . . .     Gourm    .   (no shield)
rNeg     . . .     Faith    .   l - +0 ring mail
rPois    .         Spirit   .   k - +0 helmet
rElec    .         Reflect  .   (no cloak)
rCorr    .         Harm     .   (no gloves)
MR       .....                  (no boots)
Stlth    +.........             (no amulet)
HPRegen  0.13/turn              f - -2 ring of intelligence (curse)
MPRegen  0.09/turn              (no ring)

@: no status effects
A: no striking features
a: no special abilities


You were on level 3 of the Dungeon.
You were near starving.

You visited 1 branch of the dungeon, and saw 3 of its levels.

You collected 34 gold pieces.

Inventory:

Hand Weapons
 a - a +0 hand axe (weapon)
Missiles
 d - 60 stones (quivered)
 e - 5 boomerangs
 p - 5 poisoned darts
Armour
 k - a +0 helmet (worn)
 l - a +0 ring mail (worn)
Jewellery
 f - a cursed -2 ring of intelligence (left hand)
 n - an uncursed ring of protection from fire {unknown}
Wands
 h - a wand of flame (12)
Scrolls
 b - a scroll of enchant weapon {unknown}
 g - a scroll of teleportation {unknown}
 i - 5 scrolls of identify {unknown}
 o - a scroll of noise {unknown}
Potions
 j - a potion of magic {unknown}
 m - a potion of mutation {unknown}
 q - a potion of degeneration {unknown}
Comestibles
 c - 4 rations


   Skills:
 + Level 4.7 Fighting
 * Level 6.2 Axes
 + Level 1.0 Armour
 - Level 2.4 Dodging
 - Level 1.5 Stealth


You had 3 spell levels left.
You didn't know any spells.
Your spell library was empty.

Dungeon Overview and Level Annotations

Branches:
Dungeon (3/15)

Altars:
Elyvilon
Hepliaklqana


Message History

The iguana is heavily wounded.
The iguana bites you!
* * * LOW HITPOINT WARNING * * *
The iguana closely misses you.
You see here a +0 hand axe.
Items here: ))) ÷÷÷
Things that are here:
a +0 mace; a +0 club; a jackal skeleton The iguana bites you.
* * * LOW HITPOINT WARNING * * *
You are near starving!
You hit the iguana.
The iguana is moderately wounded.
The iguana bites you!
* * * LOW HITPOINT WARNING * * *
There is a stone staircase leading up here.
The iguana barely misses you.
There is a stone staircase leading up here.
The iguana bites you!
You die...

#.# #.# #...# #.# #.########
########.# #.......#
#.....##.#########.#######
###......#.#......#........#
#.....#..#.#.####.....####.#
#.#.#....#.#..........#
#.###
#<#....#.#.#l#######..#
#...#
####.#.#....#.#<@.....#..#
###.#
.....#.#..###.####.......#
#.# ######.#....#.#
#.......######.# #.######.#
#.#..........#.# #....# #.#
#.#..#..####.#.# ####.# #.#
#.#..#..# #.#.# #.###.#
#.......####.#.# #.....#
###.###..÷...#.# #######
#..........#.#


You could see an iguana.

Vanquished Creatures
  Robin (D:2)
  3 adders
  3 dart slugs (D:1)
  A leopard gecko (D:1)
  3 orcs (D:3)
  3 bats (D:1)
  A giant cockroach (D:1)
  15 goblins
  8 hobgoblins
  5 jackals
  A ball python (D:1)
  A frilled lizard (D:1)
  7 kobolds
  5 rats
57 creatures vanquished.

Notes
Turn   | Place    | Note
-------+----------+-------------------------------------------
     0 | D:1      | Illumine the Hill Orc Monk began the quest for the Orb.
     0 | D:1      | Reached XP level 1. HP: 19/19 MP: 1/1
    89 | D:1      | Reached XP level 2. HP: 11/27 MP: 2/2
   536 | D:1      | Reached skill level 5 in Axes
   602 | D:1      | Reached XP level 3. HP: 33/33 MP: 3/3
   961 | D:2      | Noticed Robin
  1316 | D:2      | Killed Robin
  1316 | D:2      | Reached XP level 4. HP: 31/41 MP: 4/4
  1348 | D:2      | Found a white marble altar of Elyvilon.
  1545 | D:2      | Found a hazy altar of Hepliaklqana.
  1926 | D:3      | Reached skill level 6 in Axes
  2354 | D:3      | Reached skill level 1 in Armour
  2626 | D:3      | Slain by an iguana

Levels and vault maps discovered:
D:1:      dpeg_arrival_simpleton_a, layout_basic, amethyst_killhole
D:2:      layout_basic, elyvilon_altar_5, lemuel_doored_altar, uniq_robin
D:3:      layout_basic, makhleb_altar_promises_db, ashenzari_altar_1

Skill      XL: |  1  2  3  4 |
---------------+-------------+-----
Fighting       | 4 |  4.7
Axes           | 5 6 |  6.2
Armour         | 1 |  1.0
Dodging        | |  2.4
Stealth        | |  1.5

Action                   |  1- 3 |  4- 6 || total
-------------------------+-------+-------++-------
Melee: Hand axe          |   120 |   105 ||   225
Throw: Stone             |       |     2 ||     2
 Stab: Sleeping          |     3 |       ||     3
  Eat: Chunk             |     1 |     3 ||     4
Armor: Robe              |    19 |       ||    19
       Ring mail         |       |    29 ||    29
Dodge: Dodged            |    70 |    55 ||   125

Table legend:
 A = Non-vault XP
 B = Vault XP
 C = Vault XP percentage of total XP
 D = Non-vault monster count
 E = Vault monster count
 F = Vault count percentage of total count
                 A         B        C        D         E       F
            +---------+---------+-------+---------+---------+-------
      Total |     122 |      37 |  23.3 |      44 |      13 |  22.8
            +---------+---------+-------+---------+---------+-------
        D:1 |      47 |      11 |  19.0 |      23 |       6 |  20.7
        D:2 |      26 |      26 |  50.0 |       9 |       7 |  43.8
        D:3 |      49 |       0 |   0.0 |      12 |       0 |   0.0
            +---------+---------+-------+---------+---------+-------
